[Event "Early-Titled-Tuesday-Blitz-September-05-2023"]
[Site "Chess.com"]
[Date "2023.09.05"]
[Round "8"]
[White "Evgeny81"]
[Black "banane_verte"]
[Result "1-0"]
[WhiteElo "2752"]
[BlackElo "2599"]
[TimeControl "180+1"]
[EndTime "9:26:21 PDT"]
[Termination "Evgeny81 won by resignation"]

1. e4 e6 2. d4 d5 3. Nc3 Nf6 4. Bg5 dxe4 5. Nxe4 Be7 6. Bxf6 gxf6 7. Nf3 f5 8. Ned2 b6 9. Bb5+ c6 10. Bd3 Bb7 11.
Qe2 Nd7 12. O-O-O Qc7 13. Nc4 O-O-O 14. Kb1 c5 15. Bxf5 cxd4 16. Bd3 Nc5 17. Rhe1 Bf6 18. Nce5 Nxd3 19. cxd3 Kb8 20. Rc1 Qe7 21. Nc6+ Bxc6 22. Rxc6 Rc8 23. Ne5 Qb7 24. Rec1 Bxe5 25. Qxe5+ Ka8 26.
Rxc8+ Rxc8 27. Rxc8+ Qxc8 28. Qxd4 Qc6 29. Qe4 Kb7 30.
Qxc6+ Kxc6 31. Kc2 Kd5 32. Kc3 e5 33. f3 h5 34. g3 f5 35. Kd2 Kd4 36. Ke2 a5 37.
a4 Kc5 38. h3 Kd6 39. g4 fxg4 40. fxg4 hxg4 41. hxg4 1-0

[Event "Early-Titled-Tuesday-Blitz-September-05-2023"]
[Site "Chess.com"]
[Date "2023.09.05"]
[Round "8"]
[White "LileKoridze"]
[Black "Shuvalov"]
[Result "1/2-1/2"]
[WhiteElo "2372"]
[BlackElo "2488"]
[TimeControl "180+1"]
[EndTime "9:26:23 PDT"]
[Termination "Game drawn by repetition"]

1. d4 Nf6 2. c4 g6 3. Nc3 d5 4. cxd5 Nxd5 5. e4 Nxc3 6. bxc3 Bg7 7. Nf3 c5 8. Be3 Qa5 9. Qd2 O-O 10. e5 Nc6 11.
Be2 Rd8 12. Rd1 Nxe5 13. O-O Nc6 14. Qb2 b6 15. dxc5 Rxd1 16. Rxd1 Bxc3 17. Qb3 Be6 18. Bc4 Bxc4 19. Qxc4 Qb4 20. Qa6 Qa5 21. Qb7 Rd8 22.
Rxd8+ Nxd8 23. Qc8 bxc5 24. Bxc5 Bf6 25. g3 Kg7 26. a3 Ne6 27. Bb4 Qd5 28. Nd2 a5 29. Bc3 Ng5 30. h4 Nf3+ 31. Nxf3 Qxf3 32. Bxf6+ Qxf6 33. Qc5 Qa1+ 34. Kg2 Qe1 35. Qd4+ f6 36.
Qc5 Qe5 37. Qc4 h5 38. a4 Qd6 39. Qb5 Qb4 40. Qd7 Qe4+ 41. Kh2 g5 42. hxg5 fxg5 43. Qb5 Kg6 44. Qxa5 h4 45. Qb6+ e6 46. Qe3 hxg3+ 47. Kxg3 Qh4+ 48. Kg2 Qg4+ 49. Kh2 Qh4+ 50. Kg2 Qg4+ 51.
Kh2 Qh4+ 52. Kg2 1/2-1/2

[Event "Early-Titled-Tuesday-Blitz-September-05-2023"]
[Site "Chess.com"]
[Date "2023.09.05"]
[Round "8"]
[White "Cheer_Down"]
[Black "The_Princess_Moon"]
[Result "0-1"]
[WhiteElo "2434"]
[BlackElo "2294"]
[TimeControl "180+1"]
[EndTime "9:26:24 PDT"]
[Termination "The_Princess_Moon won by checkmate"]

1. e4 c5 2. Nf3 a6 3. g3 d5 4.
exd5 Nf6 5. Bg2 Nxd5 6. O-O Nc6 7. d4 e6 8. c4 Nf6 9. d5 exd5 10. cxd5 Qxd5 11. Re1+ Be7 12. Bd2 O-O 13. Ne5 Qd8 14. Nxc6 bxc6 15. Na3 Rb8 16. Nc4 Be6 17. b3 Nd5 18. Ne5 Qc7 19. Rc1 Bd6 20. Nc4 Rbd8 21. Ba5 Qc8 22. Bxd8 Rxd8 23. Nxd6 Rxd6 24. Rxc5 Qd8 25.
Qc1 Nb4 26. Rxc6 Nxc6 27. Bxc6 g6 28. Bf3 Rd3 29. Re3 Rd2 30. a4 Qd4 31. Qc3 Qd8 32.
Kg2 Qd7 33. h4 h5 34. Be4 Bh3+ 35. Kg1 Ra2 36. Rd3 Qe8 37. Rd2 Rxd2 38. Qxd2 Qxe4 39. Qd8+ Kg7 40. Kh2 Qg2# 0-1

[Event "Early-Titled-Tuesday-Blitz-September-05-2023"]
[Site "Chess.com"]
[Date "2023.09.05"]
[Round "8"]
[White "Boxerandchessplayer"]
[Black "MrBad74"]
[Result "0-1"]
[WhiteElo "2084"]
[BlackElo "2354"]
[TimeControl "180+1"]
[EndTime "9:26:24 PDT"]
[Termination "MrBad74 won on time"]

1. d4 d5 2. Nf3 Nf6 3. e3 c6 4. Bd3 Bg4 5. Nbd2 e6 6. b3 Nbd7 7. Bb2 a5 8. a4 Bd6 9. O-O Qc7 10. h3 Bh5 11. c4 Bg6 12. Qc2 O-O 13. c5 Be7 14.
Ne5 Nxe5 15. dxe5 Nd7 16. f4 Nxc5 17. Bxg6 hxg6 18. Ba3 Na6 19. Bxe7 Qxe7 20. Nf3 Nc5 21. g4 Ne4 22. Kg2 Qb4 23. Rac1 c5 24. Rfd1 Rac8 25.
f5 c4 26. Rd4 Qxb3 27. Qe2 c3 28. Rc2 exf5 29. gxf5 gxf5 30. Nh4 g6 31. Kh2 Rce8 32. Nf3 Kg7 33. Qg2 Rh8 34. h4 Rh5 35. Re2 Rc8 36. Rc2 Rch8 37. Re2 Qb1 0-1

[Event "Early-Titled-Tuesday-Blitz-September-05-2023"]
[Site "Chess.com"]
[Date "2023.09.05"]
[Round "8"]
[White "hansen"]
[Black "Yeremyan_ChessMate"]
[Result "0-1"]
[WhiteElo "2856"]
[BlackElo "2685"]
[TimeControl "180+1"]
[EndTime "9:26:25 PDT"]
[Termination "Yeremyan_ChessMate won on time"]

1. e4 Nf6 2. e5 Nd5 3. c4 Nb6 4.
d4 d6 5. exd6 cxd6 6. Nc3 g6 7.
Be3 Bg7 8. Rc1 O-O 9. b3 Bf5 10. Be2 d5 11. Nf3 Nc6 12. c5 Nc8 13. O-O Bg4 14.
Ne1 Bxe2 15. Nxe2 e6 16. f4 N8e7 17. Nf3 Nf5 18. Bf2 b6 19. Qd2 b5 20. g4 Nfe7 21. h3 a5 22. a3 b4 23. a4 Qc7 24. Kg2 Rae8 25. Rce1 f6 26. Bg3 Qd7 27. Qd3 Kh8 28.
Nc1 f5 29. Re2 fxg4 30. hxg4 e5 31. dxe5 Qxg4 32. Nh2 Qe6 33. Rh1 Nf5 34. Nf3 h6 35. Ree1 Kg8 36. Ne2 d4 37. Qe4 Rd8 38. Bf2 d3 39. Ng3 Nce7 40. Rb1 Nd5 41. Nxf5 Rxf5 42. Nd4 Nxf4+ 43. Kf3 Rxd4 44. Bxd4 Bxe5 45. Bxe5 Nd5+ 46. Kg2 Rxe5 47. Qf3 Ne3+ 48. Kh2 Rh5+ 49. Kg1 Rg5+ 50. Kh2 Ng4+ 0-1

[Event "Early-Titled-Tuesday-Blitz-September-05-2023"]
[Site "Chess.com"]
[Date "2023.09.05"]
[Round "8"]
[White "Nf3c5"]
[Black "BogdanDeac"]
[Result "0-1"]
[WhiteElo "2604"]
[BlackElo "3003"]
[TimeControl "180+1"]
[EndTime "9:26:25 PDT"]
[Termination "BogdanDeac won on time"]

1. e4 c6 2. Nc3 d5 3. Nf3 dxe4 4. Nxe4 Nf6 5. Qe2 Na6 6. d4 Qd5 7. Nc3 Qh5 8. Ne5 Qxe2+ 9. Bxe2 Nb4 10. Bd1 Bf5 11. Kd2 Rd8 12. a3 Na6 13. Ke3 g6 14. Nf3 Bh6+ 15. Ke2 Bxc1 16. Rxc1 O-O 17. h3 Nc7 18. Re1 h5 19. Kf1 Ne6 20. Ne2 Be4 21.
c3 Bxf3 22. gxf3 c5 23. Bb3 cxd4 24. Bxe6 d3 25. Bc4 d2 26. Rcd1 dxe1=Q+ 27. Rxe1 e6 28. Nd4 a6 29. a4 Rd6 30. h4 Rc8 31. Ba2 Kf8 32.
Re5 Rb6 33. Re2 Nd7 34. a5 Rd6 35. Kg2 Rc5 36. Kg3 Rxa5 37. Bb3 Ra1 38. Bc2 Nf6 39. f4 Rb6 40. f5 gxf5 41. Kf4 Rxb2 42. f3 Nd5+ 43.
Ke5 Nxc3 0-1

[Event "Early-Titled-Tuesday-Blitz-September-05-2023"]
[Site "Chess.com"]
[Date "2023.09.05"]
[Round "8"]
[White "Shield12"]
[Black "Ali_rastbod"]
[Result "1-0"]
[WhiteElo "2963"]
[BlackElo "2710"]
[TimeControl "180+1"]
[EndTime "9:26:26 PDT"]
[Termination "Shield12 won by checkmate"]

1. e4 c6 2. Nf3 d5 3. Nc3 Nf6 4. e5 Ne4 5. Ne2 Qb6 6. d4 c5 7.
dxc5 Qxc5 8. Ned4 Nc6 9. Be2 Bg4 10. c3 Qb6 11. O-O e6 12. Be3 Qc7 13. Qa4 Bxf3 14. Nxf3 Bc5 15. Nd4 h6 16. Nb5 Qb6 17.
Bxc5 Nxc5 18. Nd6+ Ke7 19. Qf4 Nxe5 20. Nf5+ exf5 21. Qxe5+ Ne6 22. Qxd5 Qxb2 23. Bf3 Rhd8 24. Qxf5 Qxc3 25. Rab1 Rd7 26. Rfe1 Rad8 27. Bh5 Qf6 28.
Qc5+ Ke8 29. Qxa7 Qe7 30. Bf3 Kf8 31. Rxb7 Rxb7 32. Qxb7 Qxb7 33. Bxb7 Rd7 34. Bc6 Ra7 35. a4 Nc5 36. Re8# 1-0

[Event "Early-Titled-Tuesday-Blitz-September-05-2023"]
[Site "Chess.com"]
[Date "2023.09.05"]
[Round "8"]
[White "Hikaru"]
[Black "MatthewG-p4p"]
[Result "1-0"]
[WhiteElo "3255"]
[BlackElo "2878"]
[TimeControl "180+1"]
[EndTime "9:26:27 PDT"]
[Termination "Hikaru won by resignation"]

1. h3 e5 2. c4 c6 3. d4 exd4 4. Nf3 Qa5+ 5. Nbd2 Qb6 6. Nb3 c5 7. e3 dxe3 8. Bxe3 Nf6 9. Qe2 Be7 10. Bxc5 Qe6 11.
Bxe7 Kxe7 12. Nfd4 Qxe2+ 13. Bxe2 d6 14. O-O-O Nc6 15.
Rhe1 Rd8 16. Nxc6+ bxc6 17. Bf3+ Be6 18. Nd4 Kf8 19.
Rxe6 fxe6 20. Nxe6+ Ke7 21. Nxd8 Rxd8 22. Bxc6 Rc8 23.
Bb5 d5 24. b3 Kd6 25. Kb2 Kc5 26. a3 a5 27. f3 d4 28. Re1 Rd8 29. Kc2 d3+ 30. Kc3 Nh5 31. b4+ axb4+ 32. axb4+ Kb6 33. Ba4 Nf4 34. Re7 Ka6 35. Kd2 Rd4 36. Re4 Rxe4 37.
fxe4 Nxg2 38. e5 Nf4 39. Bd7 Kb6 40. e6 Kc7 41. b5 Ng6 42. Kxd3 Ne5+ 43. Kd4 Nxd7 44.
exd7 Kxd7 45. c5 g5 46. Ke5 h5 47. Kf5 g4 48. hxg4 h4 49. Kf4 Ke6 50. Kf3 h3 51.
Kg3 1-0

[Event "Early-Titled-Tuesday-Blitz-September-05-2023"]
[Site "Chess.com"]
[Date "2023.09.05"]
[Round "8"]
[White "Boundless_Strike"]
[Black "chess94cu"]
[Result "1-0"]
[WhiteElo "2562"]
[BlackElo "2698"]
[TimeControl "180+1"]
[EndTime "9:26:28 PDT"]
[Termination "Boundless_Strike won by resignation"]

1. d3 Nf6 2. e4 d6 3. f4 Nbd7 4. Nf3 e5 5. Be2 Be7 6. O-O c6 7. Kh1 Qc7 8. a4 a5 9. Qe1 b6 10. fxe5 Nxe5 11. d4 Nxf3 12. Bxf3 Be6 13. Nc3 O-O 14. Bf4 Rfe8 15. Qg3 Rad8 16. Rae1 Qc8 17.
e5 dxe5 18. Bxe5 Bc4 19. Ne4 Kh8 20. Be2 Bd5 21. Bd3 Bxe4 22. Rxe4 Bd6 23. Rh4 Bxe5 24.
dxe5 Rxd3 25. Qxd3 Rxe5 26. Rxf6 g6 27. Rf1 Qe6 28. Rhf4 f5 29. R4f2 Kg8 30. Rd2 Kg7 31. Qd7+ Qxd7 32. Rxd7+ Kh6 33. Rd6 Rc5 34. c3 Rc4 35.
Ra1 Kg5 36. Kg1 h5 37. Kf2 h4 38. h3 Kf4 39. Rxg6 Rc5 40. Re1 Rd5 41. Rxc6 Rd2+ 42. Re2 Rd1 43. Rxb6 1-0

[Event "Early-Titled-Tuesday-Blitz-September-05-2023"]
[Site "Chess.com"]
[Date "2023.09.05"]
[Round "8"]
[White "MITerryble"]
[Black "Korchmar_Vasiliy"]
[Result "1-0"]
[WhiteElo "2923"]
[BlackElo "2709"]
[TimeControl "180+1"]
[EndTime "9:26:29 PDT"]
[Termination "MITerryble won by checkmate"]

1. d4 d5 2. Nf3 Nf6 3. c4 c6 4. Nc3 e6 5. Bg5 Nbd7 6. e3 Be7 7.
Qc2 O-O 8. Rd1 h6 9. Bh4 b6 10. cxd5 cxd5 11. Bd3 Bb7 12. O-O Rc8 13. Qe2 Ne4 14.
Bxe7 Nxc3 15. bxc3 Qxe7 16. Qb2 Rc7 17. Rc1 Rfc8 18.
Nd2 Nf6 19. Rc2 Ne8 20. Rfc1 Nd6 21. Qa3 a6 22. Qb4 Rc6 23. e4 dxe4 24. Bxe4 a5 25. Qa3 R6c7 26. Bxb7 Rxb7 27. c4 Qd8 28. Nf3 Nf5 29.
Qb2 Rd7 30. Rd2 Rd6 31. h3 Qf6 32. c5 bxc5 33. dxc5 Qxb2 34. Rxb2 Rdc6 35. Rb5 f6 36. Rxa5 e5 37. g4 Ne7 38. Nd2 Ng6 39. Ne4 Nf4 40.
Kh2 Nd3 41. Rc2 Kf7 42. Ra3 Nf4 43. Ra7+ Ke6 44. Rxg7 Kd5 45. f3 Kd4 46. Rd7+ Ke3 47. Rc3+ Ke2 48. Rd2+ Ke1 49. Rc1# 1-0

[Event "Early-Titled-Tuesday-Blitz-September-05-2023"]
[Site "Chess.com"]
[Date "2023.09.05"]
[Round "8"]
[White "Emp3rador"]
[Black "WildTricks"]
[Result "1-0"]
[WhiteElo "2490"]
[BlackElo "2627"]
[TimeControl "180+1"]
[EndTime "9:26:29 PDT"]
[Termination "Emp3rador won on time"]

1. e4 e5 2. Nf3 Nc6 3. d4 exd4 4. Nxd4 g6 5. Nc3 Bg7 6. Be3 d6 7. Qd2 Nge7 8. O-O-O O-O 9. h4 f5 10. Bc4+ Kh8 11. Nxc6 bxc6 12. h5 fxe4 13. hxg6 Nxg6 14. Rxh7+ Kxh7 15. Rh1+ Nh4 16. Bg5 Qd7 17. Bxh4 d5 18.
Bg5+ Kg6 19. Bh6 Qf5 20. g4 Qxg4 21. Bxg7 Kxg7 22. Qh6+ Kf7 23. Nxd5 cxd5 24. Bxd5+ Ke7 25. Bxa8 Qf4+ 26. Qxf4 Rxf4 27. Rh2 Kd6 28. Kd2 c6 29. Rh6+ Be6 30. Ke3 1-0

[Event "Early-Titled-Tuesday-Blitz-September-05-2023"]
[Site "Chess.com"]
[Date "2023.09.05"]
[Round "8"]
[White "BigPiano"]
[Black "hsd2016"]
[Result "1-0"]
[WhiteElo "2390"]
[BlackElo "2261"]
[TimeControl "180+1"]
[EndTime "9:26:29 PDT"]
[Termination "BigPiano won on time"]

1. d4 Nf6 2. c4 c5 3. d5 b5 4. cxb5 a6 5. bxa6 e6 6. Nc3 exd5 7. Nxd5 Be7 8. Nxe7 Qxe7 9. Bf4 Nc6 10. Nf3 Bxa6 11. e3 Bxf1 12. Kxf1 d5 13. h3 O-O 14. g4 Qe4 15. Kg2 d4 16. Re1 Nd5 17. Bd6 d3 18. Bxf8 Rxf8 19. Kg1 f5 20. Nd2 Qe6 21. Rc1 Qe7 22.
Nb3 Ncb4 23. Nxc5 Nxa2 24. Qxd3 Nab4 25. Qc4 Qh4 26. gxf5 Qxh3 27. Red1 Qxf5 28. Qe2 Qg5+ 29. Kf1 Qh4 30. Ke1 Qh1+ 31. Kd2 Qh4 32. Rc4 Qf6 33. Rd4 1-0

[Event "Early-Titled-Tuesday-Blitz-September-05-2023"]
[Site "Chess.com"]
[Date "2023.09.05"]
[Round "8"]
[White "Jumbo"]
[Black "angryspacevoid"]
[Result "0-1"]
[WhiteElo "2892"]
[BlackElo "2619"]
[TimeControl "180+1"]
[EndTime "9:26:30 PDT"]
[Termination "angryspacevoid won by resignation"]

1. d4 d5 2. c3 Nf6 3. Bf4 c5 4. e3 Nc6 5. Bd3 g6 6. Nd2 Bg7 7. h3 O-O 8. Ngf3 Nd7 9. O-O e5 10. dxe5 Ndxe5 11. Be2 Bf5 12. Nxe5 Nxe5 13. Nf3 Nc6 14. Qb3 Qd7 15. Rfd1 Be6 16. Ng5 h6 17. Nxe6 fxe6 18. Bg3 Qf7 19. Rd2 a6 20. Qb6 Be5 21.
f4 Bd6 22. Rf1 Rfd8 23. e4 dxe4 24. Rfd1 Bc7 25. Qxc5 Rxd2 26. Rxd2 Bxf4 27. Bxf4 Qxf4 28. Rd7 Qc1+ 29. Kh2 Qf4+ 30. g3 Qf6 31. Rxb7 Rf8 32. Qe3 Qf2+ 33. Qxf2 Rxf2+ 34. Kg1 Rxe2 35. Rb6 Ne5 36.
Rxe6 Nf3+ 37. Kf1 Rxb2 38. Rxg6+ Kf7 39. Rg4 Nh2+ 0-1

[Event "Early-Titled-Tuesday-Blitz-September-05-2023"]
[Site "Chess.com"]
[Date "2023.09.05"]
[Round "8"]
[White "Larina_Maria"]
[Black "Hoshka"]
[Result "0-1"]
[WhiteElo "2184"]
[BlackElo "2049"]
[TimeControl "180+1"]
[EndTime "9:26:30 PDT"]
[Termination "Hoshka won by checkmate"]

1. e4 e5 2. Nf3 Nc6 3. Nc3 Nf6 4. Bb5 Nd4 5. Nxd4 exd4 6. e5 dxc3 7. exf6 Qxf6 8.
dxc3 c6 9. Bd3 Bc5 10. O-O d5 11. Re1+ Be6 12. Be3 Bxe3 13. Rxe3 g6 14. c4 O-O-O 15. cxd5 Bxd5 16. Qg4+ Kb8 17. Rae1 Qxb2 18. Qf4+ Ka8 19. Re7 Be6 20. a4 Rhe8 21. Qc7 Qb6 22. a5 Qxc7 23. Rxc7 Kb8 24. Rxe6 Kxc7 25. Re3 Rxe3 26. fxe3 a6 27. Kf2 Rd5 28. Bc4 Rf5+ 29. Kg3 f6 30. Bg8 h6 31. Bf7 Rxa5 32. h4 g5 33. hxg5 hxg5 34. Kg4 Kd6 35. Bg6 Ke5 36. Bd3 Ra3 37. g3 Rc3 38. Kh5 a5 39. Kg6 a4 40. Kf7 a3 41.
Ke7 a2 42. Kd7 a1=Q 43. Kc7 b5 44. Kb7 b4 45. g4 b3 46. Kc7 b2 47. Kd7 b1=Q 48.
Ke7 Qb4+ 49. Kf7 Qa7+ 50. Kg6 Rxd3 51. cxd3 Qe4+ 52. dxe4 Kxe4 53. Kxf6 Kxe3 54. Kxg5 c5 55.
Kf6 c4 56. g5 c3 57. g6 c2 58. g7 Qxg7+ 59. Kxg7 c1=Q 60. Kf6 Qc5 61. Kf7 Qd6 62.
Ke8 Qc7 63. Kf8 Kf4 64. Ke8 Ke5 65. Kf8 Kf6 66. Kg8 Qg7# 0-1

[Event "Early-Titled-Tuesday-Blitz-September-05-2023"]
[Site "Chess.com"]
[Date "2023.09.05"]
[Round "8"]
[White "Let_it_be_1"]
[Black "Haykoooo0o"]
[Result "1-0"]
[WhiteElo "2644"]
[BlackElo "2490"]
[TimeControl "180+1"]
[EndTime "9:26:32 PDT"]
[Termination "Let_it_be_1 won by resignation"]

1. e4 g6 2. d4 Bg7 3. Nc3 c6 4. f4 d5 5. Nf3 dxe4 6. Nxe4 Nf6 7. Nxf6+ Bxf6 8. c3 O-O 9. Bc4 Nd7 10. Ne5 Nb6 11. Bb3 a5 12. a4 Qd6 13. O-O Be6 14. Bxe6 Qxe6 15. f5 Qd5 16. Bh6 Rfd8 17. fxg6 hxg6 18.
Ng4 Bg7 19. Qe2 Rd7 20. Bxg7 Kxg7 21. Ne5 f6 22. Nxd7 Qxd7 23. Rae1 Re8 24. b3 Qd5 25. Qe6 Qxe6 26. Rxe6 Kf7 27. Re2 Rd8 28. h4 Rh8 29. g3 Rd8 30. Rf3 Nd5 31. Kg2 f5 32. g4 e6 33. h5 f4 34. c4 Nf6 35. Rxf4 g5 36. Rf3 Rxd4 37. Ref2 Rxg4+ 38. Kf1 Rf4 39. Rxf4 gxf4 40. Rxf4 Kg7 41. h6+ Kg6 42. Ke2 e5 43.
Rxf6+ Kxf6 44. Ke3 Kg6 45. Ke4 Kxh6 46. Kxe5 1-0

[Event "Early-Titled-Tuesday-Blitz-September-05-2023"]
[Site "Chess.com"]
[Date "2023.09.05"]
[Round "8"]
[White "AlphaPerseii"]
[Black "HanSchut"]
[Result "0-1"]
[WhiteElo "2353"]
[BlackElo "2250"]
[TimeControl "180+1"]
[EndTime "9:26:32 PDT"]
[Termination "HanSchut won by resignation"]

1. d4 Nf6 2. c4 g6 3. Nc3 d5 4. Nf3 Bg7 5. Bg5 Ne4 6. Bf4 Nxc3 7. bxc3 dxc4 8. e3 Be6 9. Rb1 b6 10. Ng5 Bd5 11. e4 h6 12. Qa4+ Bc6 13. Qxc4 hxg5 14.
Bxg5 Bxe4 15. Rb2 Bd5 16. Qa4+ Qd7 17. Qa3 O-O 18. h4 Qe6+ 19. Re2 Qc6 20. h5 Bxg2 21.
Rg1 Bf3 22. h6 Bf6 23. h7+ Kh8 24. Re3 Nd7 25. Bh6 Bg7 26. Rg3 Bxh6 27. Rexf3 Nf6 28. Bg2 Qe6+ 29. Kf1 Qc4+ 30. Kg1 Ne4 31. Rh3 Bg7 32. Qxe7 Rae8 33. Qd7 Nd2 34. Re3 Rxe3 35. Rxe3 Qxa2 36. Bd5 Qb1+ 37. Kg2 Qf1+ 38. Kg3 Qg1+ 39. Bg2 Nf1+ 40. Kf3 Nxe3 41. fxe3 Qe1 42. Qxc7 Qh4 43. d5 Qf6+ 44. Ke2 Qxc3 45. Qxa7 b5 46. d6 Qc2+ 47. Kf3 Qf5+ 48. Ke2 Rd8 49. Qb6 Qd7 0-1

[Event "Early-Titled-Tuesday-Blitz-September-05-2023"]
[Site "Chess.com"]
[Date "2023.09.05"]
[Round "8"]
[White "crazy_m_attack"]
[Black "GeorgiosSouleidis"]
[Result "0-1"]
[WhiteElo "2361"]
[BlackElo "2543"]
[TimeControl "180+1"]
[EndTime "9:26:37 PDT"]
[Termination "GeorgiosSouleidis won on time"]

1. e4 c5 2. Nf3 e6 3. d4 cxd4 4.
Nxd4 Nf6 5. Nc3 Nc6 6. Ndb5 Bc5 7. Bf4 O-O 8. Bc7 Qe7 9. Bd6 Bxd6 10. Qxd6 Qd8 11.
Nc7 Rb8 12. e5 Ng4 13. f4 Ne3 14. Kd2 Nf5 15. Qc5 Qxc7 16. g4 b6 17. Qf2 Nfe7 18. Bd3 d6 19. exd6 Qxd6 20. Rad1 Nb4 21. Kc1 Nxd3+ 22.
Rxd3 Qc6 23. Rhd1 Bb7 24. f5 exf5 25. gxf5 Qf6 26. Rd7 Qxf5 27. Qg3 Ng6 28. Kb1 Qf4 29. Qd3 Ne5 30. Qd6 Qf6 31. Re7 Qxd6 32. Rxd6 Ng6 33. Rc7 Rfe8 34. a4 h5 35. Rdd7 Ne5 36. Rxb7 Nxd7 37.
Rxd7 a6 38. Ra7 a5 39. Nd5 Re1+ 40. Ka2 Re2 0-1

[Event "Early-Titled-Tuesday-Blitz-September-05-2023"]
[Site "Chess.com"]
[Date "2023.09.05"]
[Round "8"]
[White "InadaC"]
[Black "Good_Knight_Kiss"]
[Result "0-1"]
[WhiteElo "1732"]
[BlackElo "2345"]
[TimeControl "180+1"]
[EndTime "9:26:39 PDT"]
[Termination "Good_Knight_Kiss won by checkmate"]

1. d4 Nf6 2. c4 g6 3. Nc3 Bg7 4. Nf3 d6 5. Bg5 h6 6. Bh4 O-O 7. e3 Nc6 8. a3 e5 9. d5 Ne7 10. e4 Nd7 11. Bxe7 Qxe7 12. Be2 f5 13. Qc2 a5 14.
Bd3 Nc5 15. O-O-O a4 16. Rde1 Bd7 17. Nd2 Qg5 18. Kb1 Kh7 19. Rhg1 Qf4 20. exf5 gxf5 21. f3 Kh8 22. g3 Qd4 23. Be2 e4 24. fxe4 fxe4 25. Bh5 Bf5 26. g4 Bh7 27. Ndxe4 Nxe4 28. Nxe4 Rf4 29. Ka2 Bxe4 30. Qc1 Rf2 31. Rxe4 Qxe4 32.
Qb1 Rxb2+ 33. Qxb2 Bxb2 34. Kxb2 Qxc4 35. Rc1 Qb3+ 36.
Ka1 Qxa3+ 37. Kb1 Qb3+ 38. Ka1 a3 39. Rb1 Qc3+ 40. Ka2 Qc2+ 41. Ka1 a2 42. Bg6 axb1=Q# 0-1

[Event "Early-Titled-Tuesday-Blitz-September-05-2023"]
[Site "Chess.com"]
[Date "2023.09.05"]
[Round "8"]
[White "ferrufino64"]
[Black "IM_Tissir"]
[Result "0-1"]
[WhiteElo "2160"]
[BlackElo "2459"]
[TimeControl "180+1"]
[EndTime "9:26:41 PDT"]
[Termination "IM_Tissir won on time"]

1. e4 c5 2. Nf3 e6 3. d4 cxd4 4. Nxd4 Nf6 5. Nc3 d6 6. Be3 a6 7.
f3 b5 8. g4 Nfd7 9. h4 Nb6 10.
g5 Bb7 11. h5 N8d7 12. Rg1 g6 13. a3 Rc8 14. Qd2 Be7 15. O-O-O Ne5 16. f4 Nec4 17. Bxc4 Nxc4 18. Qd3 Qc7 19. Rh1 Rf8 20. hxg6 hxg6 21. Rhf1 e5 22. Nde2 Nxe3 23. Qxe3 exf4 24. Qxf4 Qc5 25.
Kb1 Bxg5 26. Qg4 Be7 27. Nd4 Qe5 28. Nb3 Rxc3 29. bxc3 Qxc3 30. Qe2 d5 31. exd5 Kd8 32.
d6 Bf6 33. Rxf6 Qxf6 34. Qe3 Qf3 35. Qb6+ Kd7 36. Qc7+ Ke6 0-1

[Event "Early-Titled-Tuesday-Blitz-September-05-2023"]
[Site "Chess.com"]
[Date "2023.09.05"]
[Round "8"]
[White "Kurai"]
[Black "Lennis93"]
[Result "0-1"]
[WhiteElo "2713"]
[BlackElo "2829"]
[TimeControl "180+1"]
[EndTime "9:26:42 PDT"]
[Termination "Lennis93 won by checkmate"]

1. d4 Nf6 2. c4 e6 3. Nf3 b6 4. g3 Ba6 5. b3 Bb4+ 6. Bd2 Bxd2+ 7. Qxd2 b5 8. cxb5 Bxb5 9. Nc3 Bc6 10. Bg2 O-O 11. O-O Ne4 12. Nxe4 Bxe4 13. Rac1 a5 14. Rfe1 Nc6 15. Qf4 f5 16. Ne5 Bxg2 17. Kxg2 Ne7 18. Nd3 c6 19. Qd6 Nc8 20. Qa3 Qb6 21. e3 Qc7 22.
Ne5 Ra7 23. h4 Qd6 24. Rc5 a4 25. bxa4 Nb6 26. a5 Nd5 27. Qc1 Rfa8 28. Re2 Rxa5 29. Rxa5 Rxa5 30. Nc4 Qc7 31. Nxa5 Qxa5 32. Qc5 Qa6 33. Rb2 Kf7 34. Rb8 Nxe3+ 35. Kf3 Nd5 36. Qf8+ Kg6 37. Qe8+ Kh6 38. Qxd7 Qd3+ 39. Kg2 Qe4+ 40.
Kh2 Nf6 41. Qd6 Ng4+ 42. Kh3 Qh1# 0-1

[Event "Early-Titled-Tuesday-Blitz-September-05-2023"]
[Site "Chess.com"]
[Date "2023.09.05"]
[Round "8"]
[White "NelsonLinda"]
[Black "borocotoajua"]
[Result "0-1"]
[WhiteElo "2492"]
[BlackElo "2600"]
[TimeControl "180+1"]
[EndTime "9:26:42 PDT"]
[Termination "borocotoajua won on time"]

1. b3 e5 2. Bb2 e4 3. d3 e3 4.
fxe3 d5 5. Nf3 Nf6 6. g3 Ng4 7. Qd2 Qe7 8. e4 dxe4 9. dxe4 Nd7 10. Nc3 c6 11. h3 Ngf6 12. O-O-O Nc5 13. e5 Nfe4 14.
Nxe4 Nxe4 15. Qe1 Bf5 16. Nd4 Bg6 17. Bg2 O-O-O 18. Rf1 Qg5+ 19. e3 Bc5 20. g4 Rhe8 21.
Kb1 Qxe5 22. h4 h5 23. gxh5 Qxh5 24. Bf3 Qh6 25. Qa5 Bb6 26. Qb4 Qxe3 27. Bh1 c5 28.
Qc4 Nd2+ 29. Rxd2 Qxd2 30. Bc3 Qh2 31. Nb5 Qxc2+ 32. Ka1 Re2 33. b4 Bd3 0-1

[Event "Early-Titled-Tuesday-Blitz-September-05-2023"]
[Site "Chess.com"]
[Date "2023.09.05"]
[Round "8"]
[White "Kapitan_Bayan"]
[Black "AdrianaPalao"]
[Result "0-1"]
[WhiteElo "2190"]
[BlackElo "2073"]
[TimeControl "180+1"]
[EndTime "9:26:42 PDT"]
[Termination "AdrianaPalao won on time"]

1. e4 e5 2. Nf3 Nc6 3. Bc4 Nf6 4. d3 Be7 5. O-O O-O 6. Re1 d6 7. a4 h6 8. h3 Be6 9. Nc3 d5 10. exd5 Nxd5 11. Nxe5 Nxc3 12. bxc3 Bxc4 13. Nxc4 Bf6 14. Bb2 Qd5 15. Ne3 Qg5 16. Qg4 Qa5 17. Nc4 Qd5 18. Re4 Be7 19. Ne3 Qd8 20. c4 Bf6 21. Bxf6 Qxf6 22. Re1 Qc3 23. Nf5 Kh7 24. d4 g6 25.
Ne3 f5 26. Nxf5 Rf7 27. Nh4 Rg8 28. Nf3 h5 29. Qe6 Re7 30. Qd5 Rxe4 31. Qxe4 Rg7 32.
Ng5+ Kh6 33. Qf4 Qxe1+ 34. Kh2 Qe8 0-1

[Event "Early-Titled-Tuesday-Blitz-September-05-2023"]
[Site "Chess.com"]
[Date "2023.09.05"]
[Round "8"]
[White "Truequitos"]
[Black "valemava"]
[Result "1-0"]
[WhiteElo "2427"]
[BlackElo "2282"]
[TimeControl "180+1"]
[EndTime "9:26:43 PDT"]
[Termination "Truequitos won by checkmate"]

1. e4 c5 2. Nc3 Qa5 3. g3 a6 4. Bg2 b5 5. d3 Bb7 6. Ne2 g6 7. O-O Bg7 8. Be3 d6 9. Qd2 b4 10. Nd1 Qc7 11. h3 Nf6 12. f4 O-O 13. f5 Nbd7 14. Bh6 d5 15. Bxg7 Kxg7 16. Qe3 dxe4 17. dxe4 Ne5 18. Nf2 Rfd8 19. Nf4 Nc4 20. Qc1 Nd2 21. Re1 c4 22. Re2 c3 23. bxc3 bxc3 24. e5 Nd5 25. Rxd2 cxd2 26. Qxd2 Qxe5 27. Re1 Qxf5 28.
Nxd5 Bxd5 29. Qd4+ f6 30. Rxe7+ Kh8 31. g4 Qg5 32. h4 Bxg2 33. Qxd8+ Rxd8 34. hxg5 Bd5 35. gxf6 Bxa2 36. Nd3 g5 37. Ne5 Rf8 38. Nd7 Rd8 39. f7 Bxf7 40. Rxf7 Rc8 41. Nf6 Rc7 42. Rxc7 h5 43.
Rh7# 1-0

[Event "Early-Titled-Tuesday-Blitz-September-05-2023"]
[Site "Chess.com"]
[Date "2023.09.05"]
[Round "8"]
[White "VitaliyBernadskiy"]
[Black "only_strong_moves"]
[Result "1-0"]
[WhiteElo "2829"]
[BlackElo "2549"]
[TimeControl "180+1"]
[EndTime "9:26:44 PDT"]
[Termination "VitaliyBernadskiy won by resignation"]

1. e4 e6 2. d4 d5 3. Bb5+ c6 4.
Bd3 c5 5. exd5 exd5 6. Nf3 Nf6 7. O-O c4 8. Re1+ Be7 9. Bf1 O-O 10. b3 cxb3 11.
axb3 Nc6 12. Ne5 Ne4 13. c4 Bf6 14. Bb2 Bf5 15. Qf3 Ne7 16. Ba3 Bxe5 17. dxe5 Ng5 18. Qg3 Ne4 19. Qf4 Bg6 20. Bxe7 Qxe7 21. cxd5 Rfe8 22.
Rxe4 Bxe4 23. Qxe4 Qxe5 24. Qxe5 Rxe5 25. Nc3 a6 26.
Rd1 Rd8 27. g3 b5 28. Bg2 Kf8 29. Ra1 Rc8 30. f4 Re3 31. Ne4 Rxb3 32. d6 Rd3 33.
Bh3 Rd8 34. d7 g6 35. Nc5 Rd5 36. Nxa6 b4 37. Nxb4 Rd6 38. Na6 f5 39. Nc5 Kf7 40. Bf1 Rc6 41. Ra5 Ke7 42. Bg2 Rc7 43. h4 Kd6 44. Nb7+ Rxb7 45. Bxb7 Rxd7 46. Rd5+ Kc7 47. Rxd7+ Kxd7 48. Bd5 Kd6 49. Bg8 1-0